[ AOE2 MATCH · #477747151 ]
UnrankedSpanish vs Magyars
[ REPLAY ANALYSIS · EXTRACTED FROM THE RECORDED GAME ]
Feudal
12:19
Castle
19:23
Imperial
33:39
| APM avg | 12.0 |
| APM peak | 25 |
| eAPM avg | 9.9 |
| Villagers / military | 108 / 54 |
Focus
⚔️ 17.2% · 🌾 82.8%
Conquistador ×31 · Knight ×15 · Monk ×4 · Trebuchet (Packed) ×4
Feudal
11:32
Castle
16:09
Imperial
—
| APM avg | 25.9 |
| APM peak | 76 |
| eAPM avg | 16.5 |
| Villagers / military | 69 / 3 |
Focus
⚔️ 6.2% · 🌾 93.8%
Monk ×2 · Mangonel ×1
Feudal
—
Castle
—
Imperial
—
| APM avg | 20.2 |
| APM peak | 51 |
| eAPM avg | 14.9 |
| Villagers / military | 98 / 62 |
Focus
⚔️ 19.7% · 🌾 80.3%
Archer ×57 · Bombard Cannon ×4 · Monk ×1
Feudal
11:50
Castle
16:27
Imperial
33:25
| APM avg | 12.8 |
| APM peak | 30 |
| eAPM avg | 10.0 |
| Villagers / military | 95 / 19 |
Focus
⚔️ 21.9% · 🌾 78.1%
Unknown (2579) ×25 · Mangonel ×8 · Spearman ×8 · Monk ×1 · Battering Ram ×1 · Trebuchet (Packed) ×1
Feudal
10:25
Castle
15:51
Imperial
29:32
| APM avg | 21.2 |
| APM peak | 42 |
| eAPM avg | 14.0 |
| Villagers / military | 94 / 120 |
Focus
⚔️ 27.2% · 🌾 72.8%
Militia ×53 · Spearman ×29 · Mangonel ×15 · Monk ×10 · Woad Raider ×8 · Trade Cart ×5
Feudal
11:48
Castle
16:36
Imperial
31:32
| APM avg | 20.1 |
| APM peak | 48 |
| eAPM avg | 17.2 |
| Villagers / military | 160 / 112 |
Focus
⚔️ 21.9% · 🌾 78.1%
Skirmisher ×112 · Unknown (1949) ×111 · Trade Cart ×4
Feudal
10:36
Castle
17:01
Imperial
38:12
| APM avg | 21.4 |
| APM peak | 48 |
| eAPM avg | 12.4 |
| Villagers / military | 96 / 40 |
Focus
⚔️ 21.6% · 🌾 78.4%
Samurai ×33 · Battering Ram ×6 · Monk ×1
Feudal
10:46
Castle
14:11
Imperial
39:10
| APM avg | 18.0 |
| APM peak | 40 |
| eAPM avg | 13.2 |
| Villagers / military | 140 / 118 |
Focus
⚔️ 17.6% · 🌾 82.4%
Archer ×112 · War Elephant ×4 · Petard ×2
Match map
Initial resources + every placement click. Lines = walls · curves = elevation contours. ◆ gold · ⬟ stone · ● berries · ✦ relic · ◌ wall gap
Your base· Open — unwalled flank
roylw's base· ✓ Closed at 16:09 · 17t walls · 1 gate(s)
BenYair9460's base· Open — unwalled flank
羊咩's base· ✓ Closed at 16:27 · 0t walls · no gate
СЗЧ's base· Open — unwalled flank
來一杯玫瑰舒暢's base· ✓ Closed at 16:36 · 0t walls · no gate
温州黄三哥's base· Open — unwalled flank
WilliamWei's base· ✓ Closed at 14:11 · 8t walls · no gate
Smoothed initial terrain · ◌ = detected wall gap · hover for details
Inputs per minute
— 老鱼~ - - roylw
Build order — 老鱼~
First 150 of 240 actions detected
| 0:11 | Create | Villager (Male) |
| 0:12 | Create | Villager (Male) |
| 0:12 | Create | Villager (Male) |
| 0:12 | Create | Villager (Male) |
| 0:13 | Create | Villager (Male) |
| 0:54 | Build | House |
| 0:57 | Build | House |
| 1:22 | Create | Villager (Male) |
| 1:23 | Create | Villager (Male) |
| 2:31 | Create | Villager (Male) |
| 2:32 | Create | Villager (Male) |
| 2:44 | Create | Villager (Male) |
| 2:45 | Create | Villager (Male) |
| 2:45 | Create | Villager (Male) |
| 3:11 | Create | Villager (Male) |
| 3:11 | Create | Villager (Male) |
| 3:12 | Create | Villager (Male) |
| 3:25 | Create | Villager (Male) |
| 3:25 | Create | Villager (Male) |
| 4:31 | Create | Villager (Male) |
| 4:32 | Create | Villager (Male) |
| 4:46 | Create | Villager (Male) |
| 5:08 | Build | House |
| 5:11 | Build | House |
| 5:38 | Create | Villager (Male) |
| 5:38 | Create | Villager (Male) |
| 5:56 | Build | Mill |
| 6:07 | Create | Villager (Male) |
| 6:07 | Create | Villager (Male) |
| 7:08 | Create | Villager (Male) |
| 7:42 | Build | Lumber Camp |
| 7:46 | Create | Villager (Male) |
| 7:47 | Create | Villager (Male) |
| 7:50 | Create | Villager (Male) |
| 7:50 | Create | Villager (Male) |
| 8:30 | Build | House |
| 8:39 | Create | Villager (Male) |
| 8:58 | Research | Feudal Age |
| 9:06 | Build | Mill |
| 9:42 | Build | Mining Camp |
| 10:27 | Create | Villager (Male) |
| 10:27 | Create | Villager (Male) |
| 10:27 | Create | Villager (Male) |
| 10:28 | Create | Villager (Male) |
| 11:18 | Build | Mill |
| 11:44 | Build | House |
| 11:46 | Build | House |
| 12:04 | Create | Villager (Male) |
| 12:04 | Create | Villager (Male) |
| 12:19 | Age | Feudal Age |
| 12:56 | Build | Mining Camp |
| 13:04 | Research | Horse Collar |
| 13:09 | Research | Double-Bit Axe |
| 13:18 | Create | Villager (Male) |
| 13:18 | Create | Villager (Male) |
| 13:36 | Build | Market |
| 13:41 | Build | Blacksmith |
| 14:21 | Create | Villager (Male) |
| 15:39 | Create | Villager (Male) |
| 16:23 | Build | Farm |
| 16:25 | Build | Farm |
| 16:27 | Build | Farm |
| 16:30 | Build | Farm |
| 16:35 | Build | Farm |
| 16:38 | Build | Farm |
| 16:40 | Build | Farm |
| 16:43 | Research | Castle Age |
| 16:43 | Research | Castle Age |
| 17:07 | Research | Stone Mining |
| 17:08 | Research | Gold Mining |
| 17:38 | Build | House |
| 17:38 | Build | House |
| 17:39 | Build | House |
| 17:39 | Build | House |
| 17:39 | Build | House |
| 17:39 | Build | House |
| 17:40 | Build | House |
| 17:40 | Build | House |
| 17:41 | Build | House |
| 17:52 | Build | Farm |
| 17:55 | Build | Farm |
| 17:57 | Build | Farm |
| 17:59 | Build | Farm |
| 18:02 | Build | Farm |
| 18:04 | Build | Farm |
| 18:42 | Create | Villager (Male) |
| 18:42 | Create | Villager (Male) |
| 18:42 | Create | Villager (Male) |
| 18:43 | Create | Villager (Male) |
| 19:23 | Age | Castle Age |
| 19:36 | Build | Monastery |
| 19:55 | Research | Heavy Plow |
| 20:00 | Research | Bow Saw |
| 20:19 | Build | Town Center |
| 20:26 | Create | Villager (Male) |
| 20:26 | Create | Villager (Male) |
| 20:35 | Build | Town Center |
| 21:25 | Build | Castle |
| 21:35 | Create | Monk |
| 21:35 | Create | Monk |
| 21:50 | Research | Wheelbarrow |
| 21:52 | Create | Villager (Male) ×5 |
| 22:24 | Create | Villager (Male) ×5 |
| 22:28 | Research | Town Watch |
| 22:38 | Build | Farm |
| 22:40 | Build | Farm |
| 22:41 | Build | Farm |
| 22:46 | Create | Villager (Male) |
| 22:46 | Create | Villager (Male) |
| 22:46 | Create | Villager (Male) |
| 22:47 | Create | Villager (Male) |
| 23:47 | Build | Castle |
| 23:56 | Create | Villager (Male) ×5 |
| 23:57 | Create | Villager (Male) ×5 |
| 24:10 | Build | Farm |
| 24:11 | Build | Farm |
| 24:13 | Build | Farm |
| 24:14 | Build | Farm |
| 24:17 | Build | Farm |
| 24:22 | Create | Villager (Male) ×3 |
| 24:54 | Research | Forging |
| 25:22 | Build | Lumber Camp |
| 25:29 | Create | Conquistador ×4 |
| 25:38 | Create | Monk |
| 26:13 | Research | Hand Cart |
| 26:18 | Create | Villager (Male) ×2 |
| 26:41 | Research | Fletching |
| 27:05 | Create | Villager (Male) ×5 |
| 27:10 | Build | Farm |
| 27:12 | Build | Farm |
| 27:15 | Build | Farm |
| 27:24 | Build | Farm |
| 27:25 | Build | Farm |
| 27:27 | Build | Farm |
| 27:28 | Build | Farm |
| 27:32 | Create | Villager (Male) ×3 |
| 27:43 | Build | Lumber Camp |
| 28:00 | Build | Town Center |
| 28:13 | Research | Iron Casting |
| 28:14 | Research | Scale Barding Armor |
| 28:17 | Research | Padded Archer Armor |
| 28:53 | Build | Monastery |
| 29:03 | Create | Villager (Male) ×5 |
| 29:34 | Build | Mining Camp |
| 29:53 | Build | Mill |
| 29:55 | Build | Farm |
| 29:56 | Build | Farm |
| 29:56 | Build | Farm |
| 29:57 | Build | Farm |
| 29:57 | Build | Farm |
Build order — roylw
137 actions detected in the replay
| 0:02 | Build | House |
| 0:04 | Create | Villager (Male) |
| 0:04 | Create | Villager (Male) |
| 0:04 | Create | Villager (Male) |
| 0:04 | Create | Villager (Male) |
| 0:06 | Build | House |
| 0:36 | Research | Loom |
| 0:38 | Create | Villager (Male) |
| 0:39 | Create | Villager (Male) |
| 0:39 | Create | Villager (Male) |
| 1:29 | Create | Villager (Male) |
| 1:29 | Create | Villager (Male) |
| 1:53 | Build | House |
| 1:59 | Build | Palisade Wall |
| 2:19 | Create | Villager (Male) |
| 2:47 | Create | Villager (Male) |
| 3:12 | Create | Villager (Male) |
| 3:26 | Build | House |
| 3:30 | Build | House |
| 3:37 | Create | Villager (Male) |
| 4:00 | Create | Villager (Male) |
| 4:00 | Create | Villager (Male) |
| 4:25 | Create | Villager (Male) |
| 4:48 | Build | Lumber Camp |
| 4:50 | Create | Villager (Male) |
| 4:55 | Build | House |
| 4:59 | Build | Palisade Wall |
| 5:24 | Build | Palisade Gate |
| 5:27 | Create | Villager (Male) |
| 5:27 | Create | Villager (Male) |
| 5:51 | Create | Villager (Male) |
| 5:51 | Create | Villager (Male) |
| 5:51 | Create | Villager (Male) |
| 6:41 | Build | Mill |
| 7:17 | Create | Villager (Male) |
| 7:17 | Create | Villager (Male) |
| 7:34 | Build | Mill |
| 7:39 | Create | Villager (Male) |
| 8:21 | Create | Villager (Male) |
| 8:33 | Create | Villager (Male) |
| 9:09 | Research | Feudal Age |
| 9:19 | Build | Mill |
| 10:31 | Create | Villager (Male) |
| 10:32 | Create | Villager (Male) |
| 11:32 | Age | Feudal Age |
| 11:37 | Build | Market |
| 11:46 | Build | Blacksmith |
| 12:13 | Create | Villager (Male) |
| 12:17 | Build | Mining Camp |
| 12:41 | Build | Stone Wall |
| 12:45 | Create | Villager (Male) |
| 13:29 | Research | Castle Age |
| 13:47 | Build | Barracks |
| 14:50 | Build | Lumber Camp |
| 14:53 | Create | Villager (Male) |
| 14:54 | Create | Villager (Male) |
| 16:09 | Age | Castle Age |
| 16:17 | Build | Town Center |
| 16:32 | Research | Double-Bit Axe |
| 16:37 | Research | Horse Collar |
| 16:49 | Create | Villager (Male) |
| 16:50 | Create | Villager (Male) |
| 17:10 | Build | House |
| 17:12 | Build | House |
| 17:34 | Build | Monastery |
| 17:39 | Create | Villager (Male) |
| 17:39 | Create | Villager (Male) |
| 17:39 | Create | Villager (Male) |
| 17:40 | Create | Villager (Male) |
| 17:40 | Create | Villager (Male) |
| 17:55 | Build | Farm |
| 18:04 | Build | Farm |
| 18:05 | Build | Farm |
| 18:12 | Build | Farm |
| 18:13 | Build | Farm |
| 18:25 | Create | Villager (Male) |
| 18:26 | Create | Villager (Male) |
| 18:29 | Build | Farm |
| 18:39 | Build | Farm |
| 18:43 | Build | Farm |
| 18:45 | Create | Villager (Male) |
| 18:45 | Create | Villager (Male) |
| 19:05 | Build | Town Center |
| 19:08 | Create | Monk |
| 19:08 | Create | Monk |
| 19:14 | Build | Farm |
| 19:15 | Build | Farm |
| 19:21 | Build | Farm |
| 19:23 | Build | Farm |
| 19:27 | Create | Villager (Male) |
| 19:31 | Build | Farm |
| 19:37 | Build | Farm |
| 19:39 | Create | Villager (Male) |
| 19:40 | Create | Villager (Male) |
| 19:46 | Build | Farm |
| 20:02 | Create | Villager (Male) |
| 20:03 | Create | Villager (Male) |
| 20:14 | Create | Villager (Male) |
| 20:26 | Create | Villager (Male) |
| 20:27 | Create | Villager (Male) |
| 20:35 | Build | Farm |
| 20:39 | Build | Farm |
| 20:40 | Build | Farm |
| 20:41 | Build | Farm |
| 20:46 | Create | Villager (Male) |
| 20:46 | Create | Villager (Male) |
| 20:46 | Create | Villager (Male) |
| 21:15 | Create | Villager (Male) |
| 21:16 | Create | Villager (Male) |
| 21:16 | Create | Villager (Male) |
| 21:16 | Create | Villager (Male) |
| 21:19 | Build | Farm |
| 21:23 | Build | Farm |
| 21:30 | Build | Farm |
| 21:31 | Build | Farm |
| 21:32 | Build | Farm |
| 21:33 | Build | Farm |
| 21:34 | Build | Farm |
| 21:37 | Create | Villager (Male) |
| 21:37 | Create | Villager (Male) |
| 21:43 | Build | House |
| 21:44 | Build | House |
| 21:45 | Build | House |
| 21:46 | Build | House |
| 23:03 | Create | Villager (Male) |
| 23:04 | Create | Villager (Male) |
| 23:04 | Create | Villager (Male) |
| 23:08 | Build | Siege Workshop |
| 23:27 | Create | Villager (Male) |
| 23:27 | Create | Villager (Male) |
| 23:27 | Create | Villager (Male) |
| 23:28 | Create | Villager (Male) |
| 23:28 | Create | Villager (Male) |
| 23:56 | Build | Stone Wall |
| 24:01 | Build | Stone Wall |
| 24:46 | Create | Mangonel |
| 25:54 | Build | Lumber Camp |
Build order — BenYair9460
First 150 of 294 actions detected
| 0:03 | Build | House |
| 0:05 | Build | House |
| 0:12 | Create | Villager (Male) |
| 0:13 | Create | Villager (Male) |
| 0:13 | Create | Villager (Male) |
| 0:13 | Create | Villager (Male) |
| 0:13 | Create | Villager (Male) |
| 1:35 | Create | Villager (Male) |
| 2:20 | Create | Villager (Male) |
| 2:45 | Create | Villager (Male) |
| 2:49 | Build | Lumber Camp |
| 2:57 | Research | Loom |
| 3:16 | Create | Villager (Male) |
| 3:52 | Create | Villager (Male) |
| 4:12 | Create | Villager (Male) |
| 4:28 | Build | House |
| 4:31 | Create | Villager (Male) |
| 4:52 | Create | Villager (Male) |
| 5:43 | Create | Villager (Male) |
| 5:57 | Create | Villager (Male) |
| 6:10 | Build | House |
| 6:14 | Create | Villager (Male) |
| 7:03 | Build | Mill |
| 7:09 | Create | Villager (Male) |
| 7:46 | Create | Villager (Male) |
| 7:52 | Research | Feudal Age |
| 7:52 | Research | Feudal Age |
| 8:39 | Build | Barracks |
| 9:08 | Build | House |
| 9:09 | Build | House |
| 10:07 | Build | Archery Range |
| 10:13 | Create | Villager (Male) |
| 10:14 | Create | Villager (Male) |
| 10:15 | Create | Villager (Male) |
| 10:21 | Create | Villager (Male) |
| 10:42 | Build | Mining Camp |
| 10:44 | Create | Villager (Male) |
| 10:55 | Build | Blacksmith |
| 11:00 | Create | Villager (Male) |
| 11:37 | Create | Archer |
| 11:38 | Create | Archer |
| 11:38 | Create | Archer |
| 11:38 | Create | Archer |
| 11:42 | Research | Padded Archer Armor |
| 11:56 | Create | Villager (Male) |
| 12:26 | Build | Farm |
| 12:46 | Build | Farm |
| 12:48 | Create | Villager (Male) |
| 12:51 | Research | Fletching |
| 13:13 | Create | Archer |
| 13:27 | Build | Mill |
| 13:30 | Create | Villager (Male) |
| 13:32 | Create | Archer |
| 13:36 | Build | Farm |
| 13:38 | Build | Farm |
| 13:49 | Create | Villager (Male) |
| 15:20 | Create | Villager (Male) |
| 15:20 | Create | Villager (Male) |
| 15:22 | Build | Farm |
| 15:22 | Build | Farm |
| 15:29 | Build | House |
| 15:29 | Build | House |
| 15:29 | Build | House |
| 15:48 | Research | Double-Bit Axe |
| 16:18 | Build | Farm |
| 16:30 | Research | Horse Collar |
| 16:33 | Build | Farm |
| 16:37 | Create | Archer |
| 16:37 | Create | Archer |
| 16:37 | Create | Archer |
| 16:46 | Create | Villager (Male) |
| 16:57 | Create | Villager (Male) |
| 16:59 | Build | Farm |
| 17:22 | Build | Market |
| 17:30 | Build | Farm |
| 17:37 | Create | Villager (Male) |
| 17:50 | Build | Farm |
| 18:06 | Create | Villager (Male) |
| 18:10 | Build | Farm |
| 18:36 | Create | Villager (Male) |
| 18:45 | Build | House |
| 18:46 | Build | House |
| 19:08 | Research | Castle Age |
| 19:20 | Build | Lumber Camp |
| 19:29 | Research | Gold Mining |
| 20:45 | Build | Lumber Camp |
| 21:31 | Build | Archery Range |
| 21:32 | Build | Archery Range |
| 21:35 | Build | Archery Range |
| 21:36 | Build | Archery Range |
| 21:49 | Create | Villager (Male) |
| 21:50 | Create | Villager (Male) |
| 21:50 | Create | Villager (Male) |
| 21:50 | Create | Villager (Male) |
| 21:55 | Research | Bow Saw |
| 22:32 | Build | Town Center |
| 22:41 | Create | Villager (Male) |
| 23:45 | Create | Villager (Male) |
| 23:47 | Build | Farm |
| 23:50 | Build | Farm |
| 24:02 | Build | Farm |
| 24:03 | Create | Villager (Male) |
| 24:11 | Research | Crossbowman (upgrade) |
| 24:40 | Create | Villager (Male) |
| 24:40 | Create | Villager (Male) |
| 24:42 | Create | Villager (Male) |
| 24:43 | Create | Villager (Male) |
| 24:56 | Build | Town Center |
| 25:00 | Build | Farm |
| 25:02 | Research | Heavy Plow |
| 25:04 | Create | Villager (Male) |
| 25:06 | Create | Villager (Male) |
| 25:07 | Create | Villager (Male) |
| 25:08 | Create | Villager (Male) |
| 25:19 | Research | Gold Shaft Mining |
| 25:38 | Create | Archer |
| 25:38 | Create | Archer |
| 25:38 | Create | Archer |
| 25:38 | Create | Archer |
| 25:39 | Create | Archer |
| 25:39 | Create | Archer |
| 25:39 | Create | Archer |
| 25:39 | Create | Archer |
| 26:29 | Build | House |
| 26:29 | Build | House |
| 26:30 | Build | House |
| 26:30 | Build | House |
| 26:45 | Create | Villager (Male) |
| 26:46 | Create | Villager (Male) |
| 26:52 | Build | Farm |
| 26:52 | Build | Farm |
| 26:53 | Build | Farm |
| 27:00 | Build | Archery Range |
| 27:01 | Build | Archery Range |
| 27:02 | Build | Archery Range |
| 27:09 | Create | Villager (Male) |
| 27:09 | Create | Villager (Male) |
| 27:16 | Build | Lumber Camp |
| 27:36 | Build | Farm |
| 27:48 | Create | Villager (Male) |
| 27:49 | Create | Villager (Male) |
| 27:49 | Create | Villager (Male) |
| 27:49 | Create | Villager (Male) |
| 27:49 | Create | Villager (Male) |
| 27:50 | Create | Villager (Male) |
| 27:54 | Create | Villager (Male) |
| 27:55 | Create | Villager (Male) |
| 27:55 | Create | Villager (Male) |
| 28:01 | Research | Stone Mining |
| 28:09 | Build | University |
Build order — 羊咩
First 150 of 223 actions detected
| 0:02 | Create | Villager (Male) |
| 0:02 | Create | Villager (Male) |
| 0:03 | Create | Villager (Male) |
| 0:03 | Create | Villager (Male) |
| 0:03 | Create | Villager (Male) |
| 0:06 | Build | House |
| 0:08 | Build | House |
| 1:29 | Create | Villager (Male) |
| 1:36 | Create | Villager (Male) |
| 1:39 | Research | Loom |
| 3:31 | Build | Settlement |
| 3:38 | Create | Villager (Male) |
| 3:38 | Create | Villager (Male) |
| 3:38 | Create | Villager (Male) |
| 3:38 | Create | Villager (Male) |
| 3:39 | Create | Villager (Male) |
| 3:58 | Create | Villager (Male) |
| 3:58 | Create | Villager (Male) |
| 4:27 | Create | Villager (Male) |
| 4:28 | Create | Villager (Male) |
| 4:28 | Create | Villager (Male) |
| 5:06 | Create | Villager (Male) |
| 5:33 | Create | Villager (Male) |
| 6:54 | Create | Villager (Male) |
| 6:54 | Create | Villager (Male) |
| 6:54 | Create | Villager (Male) |
| 6:55 | Create | Villager (Male) |
| 6:55 | Create | Villager (Male) |
| 7:08 | Create | Villager (Male) |
| 7:08 | Create | Villager (Male) |
| 7:08 | Create | Villager (Male) |
| 7:08 | Create | Villager (Male) |
| 7:25 | Build | Settlement |
| 7:28 | Create | Villager (Male) |
| 8:02 | Create | Villager (Male) |
| 8:44 | Research | Feudal Age |
| 9:31 | Create | Villager (Male) |
| 9:31 | Create | Villager (Male) |
| 9:58 | Build | Settlement |
| 10:13 | Build | Farm |
| 10:13 | Build | Farm |
| 10:13 | Build | Farm |
| 10:22 | Build | Farm |
| 10:26 | Build | Farm |
| 11:50 | Age | Feudal Age |
| 11:54 | Build | Blacksmith |
| 12:27 | Build | Market |
| 12:35 | Build | Farm |
| 13:42 | Build | Farm |
| 13:47 | Research | Castle Age |
| 14:05 | Build | Settlement |
| 16:27 | Age | Castle Age |
| 16:30 | Build | Town Center |
| 16:34 | Create | Villager (Male) |
| 16:34 | Create | Villager (Male) |
| 16:34 | Create | Villager (Male) |
| 16:52 | Build | Town Center |
| 16:59 | Research | Double-Bit Axe |
| 17:02 | Research | Stone Mining |
| 17:09 | Research | Horse Collar |
| 17:12 | Create | Villager (Male) |
| 17:12 | Create | Villager (Male) |
| 17:12 | Create | Villager (Male) |
| 17:12 | Create | Villager (Male) |
| 17:13 | Create | Villager (Male) |
| 18:14 | Research | Bow Saw |
| 18:21 | Create | Villager (Male) |
| 18:21 | Create | Villager (Male) |
| 18:22 | Create | Villager (Male) |
| 18:41 | Create | Villager (Male) |
| 18:42 | Create | Villager (Male) |
| 18:54 | Build | Farm |
| 18:54 | Build | Farm |
| 19:14 | Create | Villager (Male) |
| 19:15 | Create | Villager (Male) |
| 19:28 | Research | Wheelbarrow |
| 19:45 | Build | Monastery |
| 19:54 | Create | Villager (Male) |
| 19:54 | Create | Villager (Male) |
| 20:07 | Build | Farm |
| 20:26 | Build | University |
| 20:38 | Research | Heavy Plow |
| 20:47 | Create | Villager (Male) |
| 20:47 | Create | Villager (Male) |
| 21:09 | Build | Farm |
| 21:09 | Build | Farm |
| 21:20 | Create | Villager (Male) |
| 21:20 | Create | Villager (Male) |
| 21:20 | Create | Villager (Male) |
| 21:30 | Build | Settlement |
| 21:33 | Create | Villager (Male) |
| 21:34 | Create | Villager (Male) |
| 21:44 | Create | Villager (Male) |
| 21:57 | Create | Villager (Male) |
| 22:06 | Create | Villager (Male) |
| 22:14 | Build | House |
| 22:16 | Build | House |
| 22:17 | Build | House |
| 22:18 | Build | House |
| 22:19 | Build | House |
| 22:39 | Create | Monk |
| 23:20 | Build | Castle |
| 23:23 | Create | Villager (Male) |
| 23:23 | Create | Villager (Male) |
| 23:23 | Create | Villager (Male) |
| 23:24 | Create | Villager (Male) |
| 23:24 | Create | Villager (Male) |
| 23:56 | Build | Stone Wall |
| 24:07 | Build | Gate |
| 25:16 | Create | Unit 2579 |
| 25:16 | Create | Unit 2579 |
| 25:16 | Create | Unit 2579 |
| 25:17 | Create | Unit 2579 |
| 25:17 | Create | Unit 2579 |
| 25:17 | Create | Unit 2579 |
| 26:06 | Create | Unit 2579 |
| 26:06 | Create | Unit 2579 |
| 26:07 | Create | Unit 2579 |
| 26:07 | Create | Unit 2579 |
| 27:16 | Build | Stone Wall |
| 27:44 | Research | Hand Cart |
| 27:58 | Build | Stone Wall |
| 28:25 | Build | Castle |
| 28:34 | Build | House |
| 28:36 | Build | House |
| 28:36 | Build | House |
| 28:37 | Build | House |
| 28:39 | Build | House |
| 28:51 | Create | Villager (Male) |
| 28:52 | Create | Villager (Male) |
| 28:52 | Create | Villager (Male) |
| 29:08 | Build | Siege Workshop |
| 29:15 | Build | Barracks |
| 29:29 | Research | Gold Mining |
| 30:06 | Create | Mangonel |
| 30:15 | Research | Imperial Age |
| 30:20 | Research | Fletching |
| 30:20 | Research | Padded Archer Armor |
| 30:35 | Build | Archery Range |
| 30:47 | Create | Villager (Male) |
| 30:48 | Create | Villager (Male) |
| 30:48 | Create | Villager (Male) |
| 30:48 | Create | Villager (Male) |
| 31:33 | Build | Town Center |
| 31:43 | Create | Villager (Male) |
| 31:44 | Create | Villager (Male) |
| 31:44 | Create | Villager (Male) |
| 31:44 | Create | Villager (Male) |
| 31:44 | Create | Villager (Male) |
| 31:54 | Create | Unit 2579 ×5 |
Build order — СЗЧ
First 150 of 288 actions detected
| 0:02 | Create | Villager (Male) |
| 0:02 | Create | Villager (Male) |
| 0:02 | Create | Villager (Male) |
| 0:03 | Build | House |
| 0:06 | Build | House |
| 0:40 | Build | Palisade Wall |
| 0:52 | Research | Loom |
| 1:18 | Create | Villager (Male) |
| 1:18 | Create | Villager (Male) |
| 1:44 | Create | Villager (Male) |
| 1:44 | Create | Villager (Male) |
| 1:55 | Build | Lumber Camp |
| 2:31 | Create | Villager (Male) |
| 2:32 | Create | Villager (Male) |
| 2:52 | Create | Villager (Male) |
| 2:52 | Create | Villager (Male) |
| 3:22 | Create | Villager (Male) |
| 3:22 | Create | Villager (Male) |
| 3:47 | Create | Villager (Male) |
| 3:47 | Create | Villager (Male) |
| 3:55 | Build | House |
| 3:56 | Build | House |
| 4:30 | Create | Villager (Male) |
| 4:30 | Create | Villager (Male) |
| 4:31 | Create | Villager (Male) |
| 4:33 | Create | Villager (Male) |
| 5:37 | Create | Villager (Male) |
| 5:54 | Create | Villager (Male) |
| 6:18 | Build | Mill |
| 6:32 | Create | Villager (Male) |
| 6:58 | Create | Villager (Male) |
| 7:03 | Create | Villager (Male) |
| 7:28 | Build | House |
| 7:29 | Build | House |
| 7:43 | Create | Villager (Male) |
| 8:14 | Research | Feudal Age |
| 8:23 | Build | Mining Camp |
| 10:15 | Create | Villager (Male) |
| 10:25 | Age | Feudal Age |
| 10:31 | Build | Market |
| 10:33 | Create | Villager (Male) |
| 11:04 | Create | Villager (Male) |
| 11:11 | Build | Blacksmith |
| 11:39 | Create | Villager (Male) |
| 11:43 | Build | Farm |
| 11:47 | Build | Farm |
| 11:58 | Build | Farm |
| 12:14 | Create | Villager (Male) |
| 12:21 | Build | Farm |
| 12:41 | Build | Farm |
| 12:56 | Build | Farm |
| 13:11 | Research | Castle Age |
| 13:31 | Research | Double-Bit Axe |
| 14:26 | Build | House |
| 15:11 | Build | Barracks |
| 15:13 | Create | Villager (Male) |
| 15:17 | Build | Mining Camp |
| 15:35 | Build | House |
| 15:36 | Build | House |
| 15:51 | Age | Castle Age |
| 15:54 | Build | Siege Workshop |
| 16:01 | Create | Villager (Male) |
| 16:01 | Create | Villager (Male) |
| 16:21 | Build | Farm |
| 16:39 | Create | Villager (Male) |
| 16:39 | Create | Villager (Male) |
| 16:39 | Create | Villager (Male) |
| 17:05 | Build | Lumber Camp |
| 17:14 | Create | Villager (Male) |
| 17:52 | Build | Town Center |
| 18:07 | Create | Villager (Male) |
| 18:16 | Build | House |
| 18:24 | Research | Bow Saw |
| 18:33 | Create | Villager (Male) |
| 19:11 | Build | Castle |
| 19:20 | Create | Villager (Male) |
| 19:24 | Create | Villager (Male) |
| 19:29 | Build | Farm |
| 19:31 | Build | Farm |
| 19:36 | Research | Horse Collar |
| 19:44 | Create | Villager (Male) |
| 19:46 | Build | Farm |
| 19:49 | Build | Farm |
| 19:51 | Create | Villager (Male) |
| 19:56 | Build | Monastery |
| 19:59 | Create | Villager (Male) |
| 20:10 | Create | Villager (Male) |
| 20:15 | Build | Farm |
| 20:29 | Build | Farm |
| 20:56 | Build | Town Center |
| 21:00 | Create | Villager (Male) |
| 21:00 | Create | Villager (Male) |
| 21:01 | Create | Monk |
| 21:05 | Create | Villager (Male) |
| 21:07 | Build | Farm |
| 21:12 | Build | Farm |
| 21:14 | Create | Villager (Male) |
| 21:14 | Create | Villager (Male) |
| 21:28 | Build | Farm |
| 21:30 | Build | Farm |
| 21:40 | Create | Villager (Male) |
| 21:42 | Build | Farm |
| 21:50 | Build | Farm |
| 22:02 | Create | Villager (Male) |
| 22:02 | Create | Villager (Male) |
| 22:06 | Build | Farm |
| 22:09 | Build | Farm |
| 22:15 | Build | Farm |
| 22:18 | Create | Villager (Male) |
| 22:18 | Create | Villager (Male) |
| 22:23 | Build | Farm |
| 22:27 | Build | Farm |
| 22:40 | Create | Villager (Male) |
| 22:40 | Create | Villager (Male) |
| 22:40 | Create | Villager (Male) |
| 22:43 | Build | Farm |
| 22:48 | Build | Farm |
| 22:57 | Create | Villager (Male) |
| 22:57 | Create | Villager (Male) |
| 23:00 | Build | Farm |
| 23:03 | Build | House |
| 23:03 | Build | House |
| 23:05 | Build | House |
| 23:06 | Build | House |
| 23:14 | Create | Villager (Male) |
| 23:14 | Create | Villager (Male) |
| 23:21 | Build | Farm |
| 23:24 | Build | Farm |
| 23:30 | Create | Villager (Male) |
| 23:34 | Build | Farm |
| 23:54 | Build | Farm |
| 23:57 | Build | Farm |
| 24:15 | Build | Lumber Camp |
| 24:21 | Build | Farm |
| 24:29 | Create | Villager (Male) |
| 24:30 | Create | Villager (Male) |
| 24:30 | Create | Villager (Male) |
| 24:44 | Create | Mangonel |
| 24:44 | Create | Mangonel |
| 25:04 | Create | Villager (Male) |
| 25:08 | Build | Farm |
| 25:18 | Create | Spearman |
| 25:18 | Create | Spearman |
| 25:40 | Build | Monastery |
| 25:46 | Build | Monastery |
| 25:48 | Create | Villager (Male) |
| 25:49 | Create | Villager (Male) |
| 25:49 | Create | Villager (Male) |
| 26:11 | Create | Villager (Male) |
| 26:22 | Research | Imperial Age |
Build order — 來一杯玫瑰舒暢
First 150 of 375 actions detected
| 0:07 | Build | House |
| 0:09 | Build | House |
| 0:10 | Create | Villager (Male) |
| 0:10 | Create | Villager (Male) |
| 0:11 | Create | Villager (Male) |
| 0:11 | Create | Villager (Male) |
| 2:09 | Create | Villager (Male) |
| 2:09 | Create | Villager (Male) |
| 2:15 | Create | Villager (Male) |
| 2:15 | Create | Villager (Male) |
| 3:02 | Create | Villager (Male) |
| 3:02 | Create | Villager (Male) |
| 3:02 | Create | Villager (Male) |
| 3:17 | Build | Lumber Camp |
| 3:39 | Build | House |
| 3:42 | Create | Villager (Male) |
| 4:15 | Create | Villager (Male) |
| 4:15 | Create | Villager (Male) |
| 4:15 | Create | Villager (Male) |
| 4:44 | Build | Mill |
| 5:06 | Create | Villager (Male) |
| 5:06 | Create | Villager (Male) |
| 6:09 | Create | Villager (Male) |
| 6:09 | Create | Villager (Male) |
| 6:09 | Create | Villager (Male) |
| 6:09 | Create | Villager (Male) |
| 6:17 | Build | House |
| 6:27 | Create | Villager (Male) |
| 6:27 | Create | Villager (Male) |
| 6:28 | Create | Villager (Male) |
| 6:44 | Build | Mill |
| 7:41 | Build | Mining Camp |
| 8:16 | Create | Villager (Male) |
| 8:43 | Create | Villager (Male) |
| 8:48 | Research | Loom |
| 8:49 | Create | Villager (Male) |
| 9:13 | Research | Feudal Age |
| 10:42 | Create | Villager (Male) |
| 10:43 | Create | Villager (Male) |
| 10:58 | Build | House |
| 11:44 | Create | Villager (Male) |
| 11:48 | Age | Feudal Age |
| 11:51 | Build | Blacksmith |
| 12:15 | Build | Market |
| 12:18 | Create | Villager (Male) |
| 12:26 | Create | Villager (Male) |
| 13:09 | Build | Mining Camp |
| 13:31 | Create | Villager (Male) |
| 13:42 | Research | Castle Age |
| 14:02 | Build | Farm |
| 14:04 | Build | Farm |
| 15:13 | Build | Watch Tower |
| 15:22 | Build | Farm |
| 15:26 | Build | Farm |
| 15:29 | Build | Farm |
| 16:12 | Build | House |
| 16:14 | Research | Double-Bit Axe |
| 16:36 | Age | Castle Age |
| 16:38 | Create | Villager (Male) |
| 16:38 | Create | Villager (Male) |
| 17:00 | Build | Town Center |
| 17:06 | Create | Villager (Male) |
| 17:06 | Create | Villager (Male) |
| 17:37 | Create | Villager (Male) |
| 18:31 | Build | House |
| 18:40 | Research | Bow Saw |
| 18:47 | Build | House |
| 18:49 | Build | House |
| 18:51 | Create | Villager (Male) |
| 18:51 | Create | Villager (Male) |
| 18:52 | Create | Villager (Male) |
| 19:01 | Research | Horse Collar |
| 19:25 | Create | Villager (Male) |
| 19:34 | Research | Wheelbarrow |
| 19:35 | Create | Villager (Male) |
| 19:36 | Create | Villager (Male) |
| 19:36 | Create | Villager (Male) |
| 19:36 | Create | Villager (Male) |
| 20:04 | Build | Farm |
| 20:09 | Build | Farm |
| 20:13 | Build | Farm |
| 20:16 | Build | Farm |
| 20:26 | Create | Villager (Male) |
| 20:34 | Research | Heavy Plow |
| 20:45 | Build | House |
| 20:47 | Build | House |
| 21:03 | Build | Town Center |
| 21:06 | Create | Villager (Male) |
| 21:16 | Build | Farm |
| 21:19 | Build | Farm |
| 21:23 | Build | Farm |
| 21:24 | Create | Villager (Male) |
| 21:46 | Build | Castle |
| 21:49 | Create | Villager (Male) |
| 21:50 | Create | Villager (Male) |
| 21:55 | Build | House |
| 21:57 | Build | House |
| 21:58 | Build | House |
| 22:00 | Create | Villager (Male) |
| 22:00 | Create | Villager (Male) |
| 22:28 | Create | Villager (Male) |
| 22:28 | Create | Villager (Male) |
| 22:28 | Create | Villager (Male) |
| 22:39 | Build | Farm |
| 22:39 | Build | Farm |
| 22:39 | Build | Farm |
| 22:39 | Build | Farm |
| 22:40 | Build | Farm |
| 22:42 | Create | Villager (Male) |
| 22:43 | Create | Villager (Male) |
| 23:00 | Create | Villager (Male) |
| 23:00 | Create | Villager (Male) |
| 23:10 | Build | Town Center |
| 23:18 | Build | Farm |
| 23:19 | Create | Villager (Male) |
| 23:19 | Create | Villager (Male) |
| 23:20 | Create | Villager (Male) |
| 23:31 | Create | Villager (Male) |
| 23:42 | Build | Farm |
| 23:45 | Build | Farm |
| 23:50 | Build | Farm |
| 23:50 | Create | Villager (Male) |
| 23:50 | Create | Villager (Male) |
| 23:51 | Create | Villager (Male) |
| 24:10 | Build | Stone Wall |
| 24:14 | Create | Villager (Male) |
| 24:14 | Create | Villager (Male) |
| 24:14 | Create | Villager (Male) |
| 24:15 | Create | Villager (Male) |
| 24:27 | Build | Farm |
| 24:27 | Build | Farm |
| 24:28 | Build | Farm |
| 24:28 | Build | Farm |
| 24:31 | Create | Villager (Male) |
| 24:31 | Create | Villager (Male) |
| 24:31 | Create | Villager (Male) |
| 24:47 | Build | Mining Camp |
| 24:48 | Create | Villager (Male) |
| 24:48 | Create | Villager (Male) |
| 24:49 | Create | Villager (Male) |
| 24:49 | Create | Villager (Male) |
| 24:56 | Build | House |
| 24:58 | Build | House |
| 25:01 | Build | House |
| 25:02 | Build | House |
| 25:04 | Create | Villager (Male) |
| 25:04 | Create | Villager (Male) |
| 25:04 | Create | Villager (Male) |
| 25:11 | Create | Villager (Male) |
| 25:11 | Create | Villager (Male) |
Build order — 温州黄三哥
First 150 of 239 actions detected
| 0:04 | Build | House |
| 0:05 | Build | House |
| 0:12 | Create | Villager (Male) |
| 0:12 | Create | Villager (Male) |
| 0:48 | Build | House |
| 0:49 | Build | House |
| 1:08 | Create | Villager (Male) |
| 1:08 | Create | Villager (Male) |
| 1:42 | Create | Villager (Male) |
| 1:58 | Build | Mill |
| 2:28 | Create | Villager (Male) |
| 2:49 | Create | Villager (Male) |
| 2:49 | Create | Villager (Male) |
| 3:21 | Create | Villager (Male) |
| 3:22 | Create | Villager (Male) |
| 3:22 | Create | Villager (Male) |
| 4:01 | Create | Villager (Male) |
| 4:14 | Create | Villager (Male) |
| 4:47 | Create | Villager (Male) |
| 4:47 | Create | Villager (Male) |
| 4:58 | Create | Villager (Male) |
| 4:58 | Create | Villager (Male) |
| 5:26 | Create | Villager (Male) |
| 5:43 | Create | Villager (Male) |
| 5:47 | Create | Villager (Male) |
| 6:33 | Create | Villager (Male) |
| 6:46 | Create | Villager (Male) |
| 7:38 | Build | Mining Camp |
| 7:54 | Create | Villager (Male) |
| 8:26 | Research | Feudal Age |
| 9:01 | Create | Villager (Male) |
| 9:45 | Create | Villager (Male) |
| 9:45 | Create | Villager (Male) |
| 10:05 | Build | House |
| 10:07 | Build | House |
| 10:33 | Build | Lumber Camp |
| 10:36 | Age | Feudal Age |
| 11:06 | Build | Market |
| 11:12 | Build | Mining Camp |
| 11:19 | Build | Mill |
| 11:30 | Build | Farm |
| 11:37 | Create | Villager (Male) |
| 11:55 | Build | Farm |
| 11:58 | Create | Villager (Male) |
| 12:19 | Create | Villager (Male) |
| 12:30 | Build | Blacksmith |
| 12:52 | Create | Villager (Male) |
| 13:20 | Create | Villager (Male) |
| 13:22 | Build | Farm |
| 13:28 | Research | Castle Age |
| 13:37 | Build | Farm |
| 13:56 | Create | Villager (Male) |
| 13:57 | Research | Castle Age |
| 14:00 | Build | Farm |
| 14:01 | Research | Double-Bit Axe |
| 14:27 | Build | Farm |
| 14:43 | Build | House |
| 14:44 | Build | House |
| 15:22 | Create | Villager (Male) |
| 15:22 | Create | Villager (Male) |
| 16:08 | Build | Farm |
| 16:09 | Build | Farm |
| 16:11 | Build | Farm |
| 16:18 | Create | Villager (Male) |
| 16:27 | Build | Farm |
| 16:40 | Build | Farm |
| 17:01 | Age | Castle Age |
| 17:06 | Create | Villager (Male) |
| 17:16 | Build | Castle |
| 17:22 | Create | Villager (Male) |
| 17:25 | Research | Bow Saw |
| 17:31 | Build | Farm |
| 17:49 | Build | Siege Workshop |
| 17:55 | Build | Farm |
| 17:57 | Create | Villager (Male) |
| 18:21 | Build | Farm |
| 18:26 | Create | Villager (Male) |
| 18:26 | Create | Villager (Male) |
| 18:26 | Create | Villager (Male) |
| 18:37 | Create | Battering Ram |
| 18:45 | Create | Villager (Male) |
| 18:57 | Build | Mining Camp |
| 18:58 | Create | Samurai |
| 19:02 | Create | Samurai |
| 19:02 | Create | Samurai |
| 19:03 | Create | Samurai |
| 19:19 | Create | Samurai |
| 19:19 | Create | Samurai |
| 19:20 | Create | Samurai |
| 19:22 | Create | Battering Ram |
| 19:38 | Create | Samurai |
| 19:39 | Create | Samurai |
| 19:53 | Create | Samurai |
| 19:55 | Create | Battering Ram |
| 20:06 | Create | Samurai |
| 20:06 | Create | Samurai |
| 20:22 | Create | Villager (Male) |
| 20:24 | Create | Samurai |
| 20:25 | Create | Samurai |
| 20:40 | Create | Villager (Male) |
| 20:41 | Create | Villager (Male) |
| 20:46 | Create | Samurai |
| 20:46 | Create | Samurai |
| 20:52 | Build | House |
| 20:53 | Build | House |
| 20:54 | Build | House |
| 21:02 | Create | Samurai |
| 21:03 | Create | Samurai |
| 21:09 | Create | Battering Ram |
| 21:24 | Build | Farm |
| 21:50 | Create | Samurai |
| 21:50 | Create | Samurai |
| 21:50 | Create | Samurai |
| 22:13 | Create | Samurai |
| 22:16 | Build | Farm |
| 22:20 | Build | Farm |
| 22:24 | Create | Villager (Male) |
| 22:24 | Create | Villager (Male) |
| 22:35 | Create | Battering Ram |
| 22:38 | Create | Samurai |
| 22:38 | Create | Samurai |
| 22:38 | Create | Samurai |
| 23:12 | Create | Villager (Male) |
| 23:19 | Build | Barracks |
| 23:21 | Create | Villager (Male) |
| 23:21 | Create | Villager (Male) |
| 23:28 | Build | House |
| 23:28 | Build | House |
| 23:46 | Create | Samurai |
| 23:46 | Create | Samurai |
| 23:47 | Create | Samurai |
| 23:47 | Create | Samurai |
| 24:14 | Create | Villager (Male) |
| 24:46 | Create | Samurai |
| 24:46 | Create | Samurai |
| 24:46 | Create | Samurai |
| 24:47 | Create | Samurai |
| 25:35 | Build | Town Center |
| 25:36 | Create | Villager (Male) |
| 25:37 | Create | Villager (Male) |
| 25:37 | Create | Villager (Male) |
| 25:40 | Research | Gold Mining |
| 25:41 | Research | Stone Mining |
| 26:01 | Build | Monastery |
| 26:06 | Create | Battering Ram |
| 26:16 | Research | Forging |
| 26:19 | Create | Villager (Male) |
| 26:19 | Create | Villager (Male) |
| 26:56 | Build | Farm |
| 27:03 | Create | Monk |
Build order — WilliamWei
First 150 of 306 actions detected
| 0:02 | Create | Villager (Male) |
| 0:02 | Create | Villager (Male) |
| 0:04 | Build | House |
| 0:05 | Build | House |
| 0:05 | Create | Villager (Male) |
| 0:12 | Create | Villager (Male) |
| 0:12 | Create | Villager (Male) |
| 0:13 | Create | Villager (Male) |
| 1:50 | Create | Villager (Male) |
| 1:50 | Create | Villager (Male) |
| 2:10 | Create | Villager (Male) |
| 2:10 | Create | Villager (Male) |
| 2:32 | Build | Lumber Camp |
| 2:37 | Create | Villager (Male) |
| 3:11 | Create | Villager (Male) |
| 3:11 | Create | Villager (Male) |
| 3:35 | Build | House |
| 3:37 | Create | Villager (Male) |
| 3:37 | Create | Villager (Male) |
| 3:46 | Create | Villager (Male) |
| 3:46 | Create | Villager (Male) |
| 4:08 | Create | Villager (Male) |
| 4:08 | Create | Villager (Male) |
| 5:08 | Create | Villager (Male) |
| 5:11 | Create | Villager (Male) |
| 5:11 | Create | Villager (Male) |
| 5:11 | Create | Villager (Male) |
| 5:21 | Build | Mill |
| 5:23 | Create | Villager (Male) |
| 5:23 | Create | Villager (Male) |
| 5:45 | Build | House |
| 6:40 | Create | Villager (Male) |
| 6:40 | Create | Villager (Male) |
| 6:47 | Build | Mill |
| 7:10 | Create | Villager (Male) |
| 7:10 | Create | Villager (Male) |
| 7:43 | Build | Mining Camp |
| 8:14 | Research | Feudal Age |
| 9:18 | Create | Villager (Male) |
| 9:18 | Create | Villager (Male) |
| 10:22 | Build | House |
| 10:38 | Build | Mill |
| 10:46 | Age | Feudal Age |
| 10:51 | Build | Market |
| 10:54 | Build | Blacksmith |
| 11:46 | Research | Castle Age |
| 11:46 | Research | Castle Age |
| 12:04 | Build | Mining Camp |
| 12:18 | Build | Farm |
| 12:25 | Research | Double-Bit Axe |
| 12:38 | Build | Gate |
| 12:41 | Build | Stone Wall |
| 12:43 | Build | Stone Wall |
| 12:56 | Create | Villager (Male) |
| 12:59 | Build | Farm |
| 13:25 | Build | House |
| 14:02 | Create | Villager (Male) |
| 14:06 | Research | Horse Collar |
| 14:11 | Age | Castle Age |
| 14:28 | Build | Gate |
| 14:31 | Build | Stone Wall |
| 14:53 | Create | Villager (Male) |
| 14:54 | Create | Villager (Male) |
| 14:54 | Create | Villager (Male) |
| 14:54 | Create | Villager (Male) |
| 15:06 | Create | Villager (Male) |
| 15:07 | Create | Villager (Male) |
| 15:26 | Build | House |
| 15:28 | Build | House |
| 15:58 | Build | Castle |
| 16:13 | Create | Villager (Male) |
| 16:13 | Create | Villager (Male) |
| 16:42 | Build | Farm |
| 16:47 | Build | Farm |
| 17:08 | Build | Farm |
| 17:35 | Create | Villager (Male) |
| 17:35 | Create | Villager (Male) |
| 18:01 | Create | Villager (Male) |
| 18:01 | Create | Villager (Male) |
| 18:07 | Build | Farm |
| 18:11 | Build | Farm |
| 18:17 | Build | Farm |
| 18:38 | Create | Villager (Male) |
| 18:38 | Create | Villager (Male) |
| 18:49 | Build | Farm |
| 19:08 | Create | Villager (Male) |
| 19:08 | Create | Villager (Male) |
| 19:14 | Create | Villager (Male) |
| 19:14 | Create | Villager (Male) |
| 19:33 | Build | Farm |
| 19:35 | Create | Villager (Male) |
| 19:35 | Create | Villager (Male) |
| 19:48 | Create | Villager (Male) |
| 20:11 | Create | Villager (Male) |
| 20:16 | Build | Farm |
| 20:16 | Build | Farm |
| 20:16 | Build | Farm |
| 20:29 | Build | Farm |
| 20:53 | Create | Villager (Male) |
| 20:53 | Create | Villager (Male) |
| 20:53 | Create | Villager (Male) |
| 20:53 | Create | Villager (Male) |
| 21:07 | Build | Farm |
| 21:12 | Build | Farm |
| 21:13 | Create | Villager (Male) |
| 21:13 | Create | Villager (Male) |
| 21:20 | Research | Bow Saw |
| 21:27 | Build | Farm |
| 21:32 | Create | Villager (Male) |
| 21:32 | Create | Villager (Male) |
| 21:46 | Build | Farm |
| 21:50 | Create | Villager (Male) |
| 21:50 | Create | Villager (Male) |
| 22:01 | Create | Villager (Male) |
| 22:02 | Create | Villager (Male) |
| 22:08 | Build | Farm |
| 22:11 | Create | Villager (Male) |
| 22:11 | Create | Villager (Male) |
| 22:16 | Create | Villager (Male) |
| 22:24 | Build | Town Center |
| 22:54 | Build | Town Center |
| 22:55 | Create | Villager (Male) |
| 22:55 | Create | Villager (Male) |
| 23:19 | Create | Villager (Male) |
| 23:21 | Create | War Elephant |
| 23:33 | Create | Petard |
| 23:34 | Create | Petard |
| 24:03 | Build | Lumber Camp |
| 24:06 | Create | Villager (Male) |
| 24:06 | Create | Villager (Male) |
| 24:07 | Create | Villager (Male) |
| 24:20 | Build | Farm |
| 24:21 | Create | Villager (Male) |
| 24:21 | Create | Villager (Male) |
| 24:30 | Build | Farm |
| 24:32 | Build | Farm |
| 24:48 | Build | Farm |
| 24:51 | Create | War Elephant |
| 25:40 | Create | Villager (Male) |
| 25:40 | Create | Villager (Male) |
| 25:43 | Create | Villager (Male) |
| 25:59 | Create | Villager (Male) |
| 25:59 | Create | Villager (Male) |
| 26:05 | Build | Town Center |
| 26:09 | Create | Villager (Male) |
| 26:09 | Create | Villager (Male) |
| 26:12 | Build | Farm |
| 26:15 | Build | Farm |
| 26:16 | Create | Villager (Male) |
| 26:16 | Create | Villager (Male) |
Match timeline
| 0:40 | СЗЧ · wall_segment Palisade Wall x8 |
| 1:59 | roylw · wall_segment Palisade Wall x5 |
| 4:59 | roylw · wall_segment Palisade Wall x4 |
| 8:39 | BenYair9460 · first_building Barracks |
| 10:07 | BenYair9460 · first_building Archery Range |
| 10:25 | СЗЧ · age_up feudal |
| 10:36 | 温州黄三哥 · age_up feudal |
| 10:46 | WilliamWei · age_up feudal |
| 11:32 | roylw · age_up feudal |
| 11:48 | 來一杯玫瑰舒暢 · age_up feudal |
| 11:50 | 羊咩 · age_up feudal |
| 12:19 | 老鱼~ · age_up feudal |
| 12:41 | WilliamWei · wall_segment Stone Wall x4 |
| 12:41 | roylw · wall_segment Stone Wall x8 |
| 12:43 | WilliamWei · wall_segment Stone Wall x4 |
| 12:56 | roylw · first_market_sell 100 food |
| 13:47 | roylw · first_building Barracks |
| 14:11 | WilliamWei · age_up castle |
| 14:31 | WilliamWei · wall_segment Stone Wall x3 |
| 15:11 | СЗЧ · first_building Barracks |
| 15:51 | СЗЧ · age_up castle |
| 15:54 | СЗЧ · first_building Siege Workshop |
| 15:58 | WilliamWei · first_building Castle |
| 16:09 | roylw · age_up castle |
| 16:27 | 羊咩 · age_up castle |
| 16:36 | 來一杯玫瑰舒暢 · age_up castle |
| 17:01 | 温州黄三哥 · age_up castle |
| 17:16 | 温州黄三哥 · first_building Castle |
| 17:34 | roylw · first_building Monastery |
| 17:49 | 温州黄三哥 · first_building Siege Workshop |
| 18:15 | BenYair9460 · first_market_sell 100 wood |
| 18:17 | BenYair9460 · first_market_buy 100 food |
| 18:57 | roylw · first_market_buy 100 stone |
| 19:11 | СЗЧ · first_building Castle |
| 19:14 | WilliamWei · first_market_buy 100 food |
| 19:23 | 老鱼~ · age_up castle |
| 19:36 | 老鱼~ · first_building Monastery |
| 19:45 | 羊咩 · first_building Monastery |
| 19:56 | СЗЧ · first_building Monastery |
| 21:25 | 老鱼~ · first_building Castle |
| 21:46 | 來一杯玫瑰舒暢 · first_building Castle |
| 23:08 | roylw · first_building Siege Workshop |
| 23:19 | 温州黄三哥 · first_building Barracks |
| 23:20 | 羊咩 · first_building Castle |
| 23:56 | 羊咩 · wall_segment Stone Wall x13 |
| 23:56 | roylw · wall_segment Stone Wall x9 |
| 24:01 | roylw · wall_segment Stone Wall x7 |
| 24:10 | 來一杯玫瑰舒暢 · wall_segment Stone Wall x21 |
| 26:01 | 温州黄三哥 · first_building Monastery |
| 26:20 | СЗЧ · first_market_sell 100 wood |
| 26:23 | roylw · resign |
| 27:16 | 羊咩 · wall_segment Stone Wall x1 |
| 27:58 | 羊咩 · wall_segment Stone Wall x4 |
| 28:16 | 來一杯玫瑰舒暢 · first_market_buy 100 food |
| 28:19 | 來一杯玫瑰舒暢 · first_market_sell 100 wood |
| 29:08 | 羊咩 · first_building Siege Workshop |
| 29:15 | 羊咩 · first_building Barracks |
| 29:26 | BenYair9460 · first_building Monastery |
| 29:32 | СЗЧ · age_up imperial |
| 30:07 | WilliamWei · first_building Barracks |
| 30:22 | 來一杯玫瑰舒暢 · first_building Siege Workshop |
| 30:35 | 羊咩 · first_building Archery Range |
| 30:43 | 來一杯玫瑰舒暢 · first_building Barracks |
| 30:49 | WilliamWei · first_building Archery Range |
| 31:32 | 來一杯玫瑰舒暢 · first_building Archery Range |
| 31:32 | 來一杯玫瑰舒暢 · age_up imperial |
| 31:53 | 老鱼~ · first_building Barracks |
| 32:09 | BenYair9460 · first_building Siege Workshop |
| 32:13 | 來一杯玫瑰舒暢 · first_building Stable |
| 32:55 | 老鱼~ · first_building Stable |
| 33:25 | 羊咩 · age_up imperial |
| 33:39 | 老鱼~ · age_up imperial |
| 36:52 | СЗЧ · first_market_buy 500 wood |
| 38:12 | 温州黄三哥 · age_up imperial |
| 39:10 | WilliamWei · age_up imperial |
[ AI ANALYSIS · 1 CREDIT ]
What really happened in this match?
Wolo.gg analyzes every decision: build order, eco, micro, common mistakes by bracket. Personalized analysis on WhatsApp or Discord in 30 seconds.
Civ guide
Spanish
Perfil
老鱼~